[Event "Swedish Championship O65 2022"]
[Site "Uppsala"]
[Date "2022.07.08"]
[Round "7.4"]
[White "Dolata, Henryk"]
[Black "Malmdin, Nils-Ake"]
[Result "1-0"]
[ECO "B08"]
[WhiteElo "2055"]
[BlackElo "2124"]
[Annotator "NA"]
[PlyCount "56"]
[EventDate "2022.07.01"]
[EventType "tourn"]
[EventCountry "SWE"]
[SourceTitle "playchess.com"]
[Source "ChessBase"]
[SourceQuality "1"]
[TimeControl "40/5400+30:1800+30"]

1. e4 d6 2. d4 g6 3. Nc3 Bg7 4. Be3 c6 5. a4 Nf6 6. h3 O-O 7. Nf3 Qc7 8. Qd2 b6 9. Bd3 e5 10. O-O Re8 11. Rae1 a6 12. Nh2 b5 13. axb5 axb5 14. b4 Nbd7 15. f4 exd4 16. Bxd4 Bb7 17. Qf2 c5 18. bxc5 Nxc5 19. Bxc5 Qxc5 20. Qxc5 dxc5 21. e5 Nd5 22. Nxb5 Bc6 23. Nd6 Red8 24. Ng4 h5 25. Ne3 Nxf4 26. Bc4 Bxe5 27. Nxf7 Bd5 28. Nxe5 Bxc4 1-0

[Event "Swedish Championship O65 2022"]
[Site "Uppsala"]
[Date "2022.07.09"]
[Round "8.1"]
[White "Hedin, Gunnar"]
[Black "Gillefalk, Bjorn"]
[Result "1/2-1/2"]
[ECO "A59"]
[WhiteElo "2051"]
[BlackElo "2047"]
[Annotator "NA RC"]
[PlyCount "55"]
[EventDate "2022.07.01"]
[EventType "tourn"]
[EventCountry "SWE"]
[SourceTitle "playchess.com"]
[Source "ChessBase"]
[SourceQuality "1"]
[TimeControl "40/5400+30:1800+30"]

1. d4 Nf6 2. c4 c5 3. d5 b5 4. cxb5 a6 5. bxa6 g6 6. Nc3 Bxa6 7. Nf3 Bg7 8. e4 Bxf1 9. Kxf1 d6 10. g3 O-O 11. Kg2 Nbd7 12. Bd2 Qb6 13. Qc2 Rfb8 14. Rhb1 Qb4 15. a4 Qb3 16. Ne1 Ng4 17. Ra3 Qxc2 18. Nxc2 Nb6 19. b3 Bxc3 20. Bxc3 Nxa4 21. Rba1 Nb6 22. Rxa8 Rxa8 23. Rxa8+ Nxa8 24. Ba5 Kf8 25. f4 Ke8 26. h3 Nf6 27. Kf3 Kd7 28. b4 1/2-1/2

[Event "Swedish Championship O65 2022"]
[Site "Uppsala"]
[Date "2022.07.09"]
[Round "8.2"]
[White "Soderberg, Per"]
[Black "Marttala, Thomas"]
[Result "1/2-1/2"]
[ECO "C44"]
[WhiteElo "2111"]
[BlackElo "2164"]
[Annotator "RC"]
[PlyCount "31"]
[EventDate "2022.07.01"]
[EventType "tourn"]
[EventCountry "SWE"]
[SourceTitle "playchess.com"]
[Source "ChessBase"]
[SourceQuality "1"]
[TimeControl "40/5400+30:1800+30"]

1. e4 e5 2. Nf3 Nc6 3. c3 Nf6 4. d3 g6 5. Be2 Bg7 6. O-O O-O 7. h3 d5 8. Qc2 Nh5 9. Rd1 Nf4 10. Bf1 dxe4 11. dxe4 Qf6 12. Bxf4 Qxf4 13. Nbd2 Kh8 14. g3 Qh6 15. h4 f6 16. Bg2 1/2-1/2

[Event "Swedish Championship O65 2022"]
[Site "Uppsala"]
[Date "2022.07.09"]
[Round "8.3"]
[White "Lagerborg, Krister"]
[Black "Alquist, Erik"]
[Result "1-0"]
[ECO "E36"]
[WhiteElo "2138"]
[BlackElo "1968"]
[Annotator "NA RC"]
[PlyCount "126"]
[EventDate "2022.07.01"]
[EventType "tourn"]
[EventCountry "SWE"]
[SourceTitle "playchess.com"]
[Source "ChessBase"]
[SourceQuality "1"]
[TimeControl "40/5400+30:1800+30"]

1. d4 Nf6 2. c4 e6 3. Nc3 Bb4 4. Qc2 O-O 5. a3 Bxc3+ 6. Qxc3 d5 7. Bg5 c5 8. dxc5 d4 9. Qf3 Nbd7 10. Bxf6 Nxf6 11. b4 e5 12. e4 a5 13. Rb1 axb4 14. axb4 Bg4 15. Qd3 Qd7 16. f3 Nxe4 17. fxe4 f5 18. Qg3 fxe4 19. h3 Be6 20. Qxe5 Qf7 21. Be2 d3 22. Bxd3 exd3 23. Nf3 d2+ 24. Kf2 Bxc4 25. Rhd1 Rae8 26. Qc3 Be2 27. Rxd2 Bxf3 28. gxf3 Qh5 29. Qc4+ Kh8 30. Qg4 Qh6 31. Rbd1 Qe3+ 32. Kg2 Rf4 33. Qg3 Ref8 34. Rd3 Qe2+ 35. Qf2 Qxf2+ 36. Kxf2 Rxb4 37. Rd8 Kg8 38. Rxf8+ Kxf8 39. Rd7 h5 40. Ke3 g5 41. Rd5 g4 42. Rxh5 Rb3+ 43. Ke4 gxf3 44. Rf5+ Ke7 45. Rxf3 Rb1 46. Kd5 Rd1+ 47. Kc4 Rc1+ 48. Rc3 Rd1 49. Re3+ Kf7 50. Re4 Kf6 51. h4 Rd7 52. Rd4 Rh7 53. Kb5 Ke7 54. Kb6 Ke8 55. Rg4 Re7 56. Rg8+ Kd7 57. Rb8 Re6+ 58. Kxb7 Rh6 59. Rg8 Rxh4 60. c6+ Kd6 61. Rg6+ Kc5 62. c7 Rb4+ 63. Ka7 Kd5 1-0

[Event "Swedish Championship O65 2022"]
[Site "Uppsala"]
[Date "2022.07.09"]
[Round "8.4"]
[White "Dolata, Henryk"]
[Black "Bellon Lopez, Juan Manuel"]
[Result "0-1"]
[ECO "B15"]
[WhiteElo "2055"]
[BlackElo "2330"]
[Annotator "RC"]
[PlyCount "80"]
[EventDate "2022.07.01"]
[EventType "tourn"]
[EventCountry "SWE"]
[SourceTitle "playchess.com"]
[Source "ChessBase"]
[SourceQuality "1"]
[TimeControl "40/5400+30:1800+30"]

1. e4 c6 2. d4 d5 3. Nc3 dxe4 4. Nxe4 Nf6 5. Nxf6+ exf6 6. g3 h5 7. h4 Qd5 8. Rh2 Be6 9. Be3 Nd7 10. Ne2 Bd6 11. Nf4 Bxf4 12. Bxf4 O-O 13. Be2 Rfe8 14. Kf1 Nb6 15. b3 g6 16. c4 Qd7 17. Kg2 Rad8 18. Be3 Bg4 19. Bxg4 hxg4 20. Rh1 Qf5 21. Re1 Re4 22. Rc1 Nd7 23. f3 gxf3+ 24. Qxf3 Qe6 25. Bf2 f5 26. Rxe4 fxe4 27. Qf4 Nf6 28. Re1 Re8 29. Bg1 b5 30. d5 cxd5 31. Bd4 Ng4 32. cxb5 Ne5 33. Re2 Re7 34. a4 Nd3 35. Qh6 f5 36. Rc2 Ne1+ 37. Kh1 Nxc2 38. Qh8+ Kf7 39. a5 Nxd4 40. Qxd4 e3 0-1

[Event "Swedish Championship O65 2022"]
[Site "Uppsala"]
[Date "2022.07.10"]
[Round "9.1"]
[White "Gillefalk, Bjorn"]
[Black "Bellon Lopez, Juan Manuel"]
[Result "0-1"]
[ECO "B13"]
[WhiteElo "2047"]
[BlackElo "2330"]
[Annotator "RC"]
[PlyCount "46"]
[EventDate "2022.07.01"]
[EventType "tourn"]
[EventCountry "SWE"]
[SourceTitle "playchess.com"]
[Source "ChessBase"]
[SourceQuality "1"]
[TimeControl "40/5400+30:1800+30"]

1. e4 c6 2. d4 d5 3. exd5 cxd5 4. Bd3 Nc6 5. c3 g6 6. Bf4 Bg7 7. Nf3 Nh6 8. Qd2 Nf5 9. O-O O-O 10. Na3 f6 11. Rfe1 Nd6 12. c4 dxc4 13. Nxc4 Nf7 14. h3 e6 15. Bc2 Ne7 16. Rad1 Nd5 17. Bh2 b5 18. Ne3 Bb7 19. Nxd5 Bxd5 20. Be4 Re8 21. Rc1 Bxe4 22. Rxe4 Bh6 23. Bf4 Nd6 0-1

[Event "Swedish Championship O65 2022"]
[Site "Uppsala"]
[Date "2022.07.10"]
[Round "9.2"]
[White "Marttala, Thomas"]
[Black "Lagerborg, Krister"]
[Result "1-0"]
[ECO "B87"]
[WhiteElo "2164"]
[BlackElo "2138"]
[Annotator "RC"]
[PlyCount "87"]
[EventDate "2022.07.01"]
[EventType "tourn"]
[EventCountry "SWE"]
[SourceTitle "playchess.com"]
[Source "ChessBase"]
[SourceQuality "1"]
[TimeControl "40/5400+30:1800+30"]

1. e4 c5 2. Nf3 d6 3. d4 cxd4 4. Nxd4 Nf6 5. Nc3 a6 6. Bc4 e6 7. Bb3 b5 8. Bg5 Nbd7 9. O-O Nc5 10. Re1 Bb7 11. Bd5 b4 12. Bxb7 Nxb7 13. Nd5 exd5 14. exd5+ Kd7 15. Nc6 Qb6 16. Bxf6 gxf6 17. Qg4+ Kc7 18. Re4 a5 19. Rae1 Qb5 20. Qh5 Nd8 21. b3 Nxc6 22. Rc4 Qxc4 23. Qxf7+ Kb6 24. bxc4 Ne5 25. c5+ Ka6 26. Qc7 dxc5 27. f4 Nc4 28. Re6+ Bd6 29. Qc6+ Ka7 30. Rxd6 Nxd6 31. Qxc5+ Kb7 32. Qc6+ Ka7 33. Qc5+ Kb7 34. Qc6+ Ka7 35. Qxd6 Rhf8 36. Qc7+ Ka6 37. Qc6+ Ka7 38. Qb5 Rab8 39. Qxa5+ Kb7 40. Qxb4+ Ka7 41. Qa5+ Kb7 42. c4 Rfd8 43. c5 Ra8 44. c6+ 1-0

[Event "Swedish Championship O65 2022"]
[Site "Uppsala"]
[Date "2022.07.10"]
[Round "9.3"]
[White "Soderberg, Per"]
[Black "Malmdin, Nils-Ake"]
[Result "0-1"]
[ECO "B01"]
[WhiteElo "2111"]
[BlackElo "2124"]
[Annotator "NA RC"]
[PlyCount "64"]
[EventDate "2022.07.01"]
[EventType "tourn"]
[EventCountry "SWE"]
[SourceTitle "playchess.com"]
[Source "ChessBase"]
[SourceQuality "1"]
[TimeControl "40/5400+30:1800+30"]

1. e4 d5 2. exd5 Nf6 3. d4 Nxd5 4. Nf3 g6 5. c4 Nb6 6. Be2 Bg7 7. Nc3 O-O 8. Bf4 Bg4 9. c5 Nd5 10. Nxd5 Qxd5 11. Bxc7 Nc6 12. O-O Rac8 13. Be5 Nxe5 14. Nxe5 Bxe2 15. Qxe2 Qxd4 16. Nd3 e5 17. Rfe1 Rfe8 18. Red1 e4 19. Ne1 Qxc5 20. Rac1 Qb4 21. b3 f5 22. Nc2 Qc3 23. g3 Qb2 24. Qb5 Rf8 25. Qxb7 Rxc2 26. Rxc2 Qxc2 27. Rd7 Qb2 28. Qxa7 h6 29. b4 f4 30. gxf4 Rxf4 31. h3 Rf5 32. a4 Qa1+ 0-1

[Event "Swedish Championship O65 2022"]
[Site "Uppsala"]
[Date "2022.07.10"]
[Round "9.4"]
[White "Hedin, Gunnar"]
[Black "Dolata, Henryk"]
[Result "1-0"]
[ECO "D36"]
[WhiteElo "2051"]
[BlackElo "2055"]
[Annotator "NA RC"]
[PlyCount "43"]
[EventDate "2022.07.01"]
[EventType "tourn"]
[EventCountry "SWE"]
[SourceTitle "playchess.com"]
[Source "ChessBase"]
[SourceQuality "1"]
[TimeControl "40/5400+30:1800+30"]

1. d4 e6 2. c4 d5 3. Nc3 Nf6 4. cxd5 exd5 5. Bg5 Be7 6. e3 O-O 7. Bd3 c6 8. Qc2 Nbd7 9. Nf3 Re8 10. O-O Nf8 11. h3 g6 12. Rab1 Ne6 13. Bxf6 Bxf6 14. b4 a6 15. Na4 Be7 16. Nc5 Bd6 17. Nxe6 Bxe6 18. Rfc1 h5 19. Bxg6 fxg6 20. Qxg6+ Kf8 21. Ng5 Bg8 22. Qh6+ 1-0